 Dungeon Crawl Stone Soup version 0.30.0-29-ga12c61a403 (webtiles) character file.

Game seed: 13135269626102460161

463 cheesebisquit the Tainter (level 7, -1/58 HPs)
             Began as a Naga Venom Mage on June 9, 2023.
             Was an Initiate of Cheibriados.
             Slain by a sleepcap (13 damage)
             ... on level 4 of the Dungeon.
             The game lasted 00:17:49 (4516 turns).

cheesebisquit the Tainter (Naga Venom Mage)         Turns: 4516, Time: 00:17:49

Health: -1/58      AC:  5    Str: 11    XL:     7   Next: 7%
Magic:  0/11       EV:  1    Int: 19    God:    Cheibriados [......]
Gold:   174        SH:  0    Dex: 12    Spells: 4/11 levels left

rFire   . . .        c - +1 dagger (venom)
rCold   . . .        (no shield)
rNeg    . . .        a - +0 robe
rPois   +            r - +0 helmet
rElec   .            m - +0 cloak
rCorr   .            (no gloves)
SInv    +            (no barding)
Will    .....        (no amulet)
Stlth   +++          (no ring)
HPRegen 0.29/turn    (no ring)
MPRegen 0.12/turn

%: no passive effects
@: sleeping, very slow
A: AC +2, large, see invisible, deformed body, poison resistance, slowness 2,
spit poison 1, naga tail 1
a: Spit Poison, Renounce Religion


You were on level 4 of the Dungeon.
You worshipped Cheibriados.
Cheibriados was noncommittal.
You visited 2 branches of the dungeon, and saw 5 of its levels.

You collected 174 gold pieces.

Inventory:

Hand Weapons
 c - a +1 dagger of venom (weapon)
 l - a +0 flail
Missiles
 b - 3 poisoned darts
Armour
 a - a +0 robe (worn)
 m - a +0 cloak (worn)
 r - a +0 helmet (worn)
Jewellery
 f - a ring of ice
Scrolls
 d - 3 scrolls of blinking {unknown}
 e - a scroll of vulnerability {unknown}
 g - 3 scrolls of teleportation {unknown}
 h - 3 scrolls of identify {unknown}
 n - a scroll of enchant weapon {unknown}
Potions
 i - a potion of cancellation {unknown}
 j - 2 potions of might {unknown}
 k - a potion of heal wounds {unknown}
 o - a potion of invisibility {unknown}
 p - a potion of resistance {unknown}
 q - a potion of curing {unknown}
 s - a potion of lignification {unknown}


   Skills:
 + Level 1.7 Fighting
 - Level 1.5 Dodging
 + Level 4.4 Stealth
 - Level 2.9 Spellcasting
 - Level 1.0 Transmutations
 + Level 8.9 Poison Magic


You had 4 spell levels left.
You knew the following spells:

 Your Spells              Type           Power      Damage    Failure   Level
a - Sting                 Tmut/Pois      84%        1d7       1%          1
b - Poisonous Vapours     Pois/Air       38%        N/A       3%          2
c - Olgreb's Toxic Radia  Pois           36%        N/A       4%          4

Your spell library contained the following spells:

 Spells                   Type           Power      Damage    Failure   Level
 Mephitic Cloud           Conj/Pois/Air  14%        N/A       14%         3
 Frozen Ramparts          Ice            4%         1d1       43%         3
 Ice Form                 Ice/Tmut       4%         N/A       77%         4
 Cause Fear               Hex            1%         N/A       83%         4
 Summon Ice Beast         Ice/Summ       2%         N/A       83%         4
 Dragon Form              Tmut           3%         N/A       100%        7
 Dragon's Call            Summ           1%         N/A       100%        9


Dungeon Overview and Level Annotations

Branches:
Dungeon (4/15)             Temple (1/1) D:4

Altars:
Cheibriados
Elyvilon
Gozag
Hepliaklqana
Kikubaaqudgha
Makhleb
Nemelex Xobeh
Okawaru
Qazlal
Sif Muna
Trog
Vehumet
Xom
Zin

Shops:
D:1 [


Innate Abilities, Weirdness & Mutations

Your serpentine skin is tough. (AC +2)
You have supernaturally acute eyesight. (SInv)
Armour fits poorly on your strangely shaped body.
Your system is resistant to poisons. (rPois)
You cover ground very slowly.
You can spit poison.
You have a snake-like lower body.


Message History

You hit the sleepcap but do no damage.
The sleepcap is heavily damaged.
The sleepcap releases spores at you.
You are engulfed in a cloud of soporific spores!
You are unaffected.
You hit the sleepcap but do no damage.
The sleepcap is heavily damaged.
The sleepcap releases spores at you.
You are engulfed in a cloud of soporific spores!
You fall asleep.
The sleepcap releases spores at you!
You wake up.
You are too injured to fight recklessly!
Aiming: Sting (safe; 1% risk of failure)
Press: ? - help, Q - select action, (/) - cycle Shift-Dir - straight line, f/p - sleepcap
Aim: a sleepcap (heavily damaged, very poisoned, 100% to hit)
The sting hits the sleepcap.
The sleepcap looks even sicker.
The sleepcap is heavily damaged.
The sleepcap releases spores at you.
You are engulfed in a cloud of soporific spores!
You are unaffected.
You hit the sleepcap but do no damage.
The sleepcap looks as sick as possible!
The sleepcap is heavily damaged.
The sleepcap releases spores at you.
You hit the sleepcap.
The sleepcap is severely damaged.
The sleepcap releases spores at you.
* * * LOW HITPOINT WARNING * * *
You hit the sleepcap but do no damage.
The sleepcap is severely damaged.
The sleepcap releases spores at you.
* * * LOW HITPOINT WARNING * * *
Okay, then.
You hit the sleepcap.
The sleepcap is almost destroyed.
The sleepcap releases spores at you.
* * * LOW HITPOINT WARNING * * *
You are engulfed in a cloud of soporific spores!
You fall asleep.
The sleepcap releases spores at you!
You die...

#...# ##.# #.#=###
.... ...... # ...
#...# #.#.. #.⌠.#
#.#.###...###.##
#.......)).....#
#..⌠.@f)?⌠.?.#
#............#
#.###...###..# .
##^..#.⌠.# #
#.#########....#...#
.....................
......###########..##.
#####.# ##.# #.# #


You could see a sleepcap (extremely poisoned).

Vanquished Creatures
  A sky beast (D:3)
  An orc warrior (D:4)
  A scorpion (D:4)
  An orc priest (D:4)
  Jessica (D:3)
  An iguana (D:4)
  An orc wizard (D:4)
  Robin (D:3)
  A gnoll (D:1)
  3 dart slugs
  6 orcs
  9 ball pythons
  9 endoplasms
  3 giant cockroaches
  17 goblins
  6 hobgoblins
  A quokka (D:1)
  6 bats
  3 frilled lizards
  5 kobolds
  5 rats
82 creatures vanquished.

Notes
Turn   | Place    | Note
-------+----------+-------------------------------------------
     0 | D:1      | cheesebisquit the Naga Venom Mage began the quest for the
                  | Orb.
     0 | D:1      | Reached XP level 1. HP: 15/15 MP: 3/3
    74 | D:1      | Found Egumill's Antique Armour Emporium.
   179 | D:1      | Found a faded altar of an unknown god.
   184 | D:1      | You fall into a shaft and drop 1 floor!
   242 | D:2      | Reached XP level 2. HP: 21/22 MP: 0/5
   251 | D:2      | Learned a level 2 spell: Poisonous Vapours
   484 | D:1      | Reached XP level 3. HP: 15/28 MP: 4/6
  1146 | D:1      | Reached skill level 5 in Poison Magic
  2105 | D:2      | Reached XP level 4. HP: 36/36 MP: 4/8
  2910 | D:3      | Noticed Jessica
  2916 | D:3      | Killed Jessica
  2917 | D:3      | Reached skill level 6 in Poison Magic
  2954 | D:3      | Found a shimmering blue altar of Sif Muna.
  3199 | D:3      | Found a stormy altar of Qazlal.
  3199 | D:3      | Noticed a sky beast
  3282 | D:3      | Killed a sky beast
  3283 | D:3      | Reached skill level 7 in Poison Magic
  3283 | D:3      | Reached XP level 5. HP: 15/42 MP: 1/9
  3400 | D:3      | Noticed Robin
  3655 | D:3      | Killed Robin
  3657 | D:3      | Reached XP level 6. HP: 38/49 MP: 0/10
  3832 | D:3      | Learned a level 4 spell: Olgreb's Toxic Radiance
  3925 | D:4      | Reached skill level 8 in Poison Magic
  3972 | D:4      | Noticed an orc warrior
  3987 | D:4      | Killed an orc warrior
  3988 | D:4      | Reached skill level 1 in Fighting
  4100 | D:4      | Reached XP level 7. HP: 44/57 MP: 7/11
  4222 | D:4      | Found a staircase to the Ecumenical Temple.
  4232 | Temple   | Entered the Ecumenical Temple
  4466 | Temple   | Became a worshipper of Cheibriados the Contemplative
  4516 | D:4      | Slain by a sleepcap

Illustrated notes

Levels and vault maps discovered:
D:1:      moated_graveyard_arrival, layout_basic, basic_ecumenical_altar,
          serial_shops, shop, minmay_tromino_mix6
D:2:      layout_loops_corners
D:3:      layout_basic, tgw_sif, nicolae_qazlal_beasts_of_the_sky, uniq_robin
D:4:      layout_loops_cross, nicolae_ru_path_of_blood,
          minmay_temple_entry_junction_2, uniq_eustachio
Temple:   hc_temple_tempest_star

Skill      XL: |  1  2  3  4  5  6 |
---------------+-------------------+-----
Poison Magic   | 5 7 8 |  8.9
Fighting       | 1 |  1.7
Stealth        | 4 |  4.4
Dodging        | |  1.5
Spellcasting   | |  2.9
Transmutations | |  1.0

Action                     |  1- 3 |  4- 6 |  7- 9 || total
---------------------------+-------+-------+-------++-------
  Melee: Dagger            |     8 |    22 |    12 ||    42
   Cast: Sting             |    84 |    70 |    11 ||   165
         Poisonous Vapours |       |    12 |     2 ||    14
         Olgreb's Toxic Ra |       |     2 |     1 ||     3
    Use: Potion            |     1 |       |       ||     1
 Armour: Robe              |     9 |    16 |     2 ||    27
  Dodge: Dodged            |    17 |    31 |     4 ||    52
